 Dungeon Crawl Stone Soup version 0.26-a0-660-gc07710193c (webtiles) character file.

Game seed: 6817111485227017167

865 ringo67 the Insei (level 8, -1/54 HPs)
             Began as an Octopode Transmuter on Oct 5, 2020.
             Slain by an orc
             ... wielding a +0 mace
              (9 damage)
             ... on level 4 of the Dungeon.
             The game lasted 00:11:51 (7129 turns).

ringo67 the Insei (Octopode Transmuter)             Turns: 7129, Time: 00:11:52

Health: -1/54      AC:  1    Str: 11    XL:     8   Next: 3%
Magic:  11/11      EV: 13    Int: 16    God:
Gold:   192        SH:  0    Dex: 12    Spells: 3/11 levels left

rFire    . . .     SeeInvis .     - Unarmed
rCold    . . .     Faith    .   (no shield)
rNeg     . . .     Spirit   .   (helmet currently unavailable)
rPois    .         Reflect  .   (no amulet)
rElec    .         Harm     .   q - ring of stealth
rCorr    .         Rampage  .   (no ring)
MR       .....                  (no ring)
Stlth    +++.......             (no ring)
HPRegen  0.18/turn              (no ring)
MPRegen  0.12/turn              (no ring)
                                (no ring)
                                (no ring)

@: confused, lethally poisoned (-1 -> -2), appendages
A: almost no armour, stealthy swim, amphibious, 8 rings, constrict 8, tentacle
spike 3, camouflage 1, gelatinous body 1
a: End Transformation


You were on level 4 of the Dungeon.
One of your tentacles had a temporary spike.
You visited 1 branch of the dungeon, and saw 5 of its levels.
You also visited: Ossuary.

You collected 192 gold pieces.

Inventory:

Hand Weapons
 i - a +2 hunting sling of flaming
Missiles
 g - 16 poisoned darts (quivered)
 j - 89 stones
Jewellery
 q - a ring of stealth (left tentacle)
Wands
 o - a wand of paralysis (10)
Scrolls
 d - a scroll of enchant weapon
 e - 2 scrolls of identify
 k - a scroll of fog
 l - a scroll of amnesia {unknown}
 m - a scroll of remove curse
 n - a scroll of enchant armour {unknown}
 p - a scroll of magic mapping {unknown}
 s - a scroll of fear {unknown}
 t - a scroll of holy word
Potions
 a - 2 potions of ambrosia
 b - 2 potions of degeneration {unknown}
 h - 3 potions of lignification {unknown}
 r - a potion of haste
 u - a potion of heal wounds {unknown}
 v - 2 potions of curing {unknown}


   Skills:
 + Level 4.0 Fighting
 - Level 2.0 Dodging
 * Level 6.6 Unarmed Combat
 - Level 2.0 Spellcasting
 + Level 4.4 Transmutations
 + Level 1.6 Ice Magic
 - Level 2.1 Poison Magic


You had 3 spell levels left.
You knew the following spells:

 Your Spells              Type           Power        Failure   Level
a - Beastly Appendage     Tmut           ###...       3%          1
b - Spider Form           Tmut/Pois      ##........   16%         3
c - Ice Form              Ice/Tmut       ##......     52%         4

Your spell library contained the following spells:

 Spells                   Type           Power        Failure   Level
 Wereblood                Tmut           ###.....     4%          2
 Blade Hands              Tmut           ###.......   67%         5


Dungeon Overview and Level Annotations

Branches:
Dungeon (5/15)            Ossuary (visited)
 Temple: D:4-7

Altars:
Kikubaaqudgha
Trog

Annotations:
D:4 1 exclusion, Grinder


Innate Abilities, Weirdness & Mutations

You cannot wear most types of armour.
You are very stealthy in the water. (Stealth+)
You are amphibious.
You can wear up to eight rings at the same time.
You can use your tentacles to constrict eight enemies at once.
Your skin changes colour to match your surroundings (Stealth+).
Your rubbery body absorbs attacks. (AC +1, EV +1)
One of your tentacles bears a large vicious spike.


Message History

The orc is severely wounded.
You constrict the orc.
The orc hits you with a +1 flail of protection!
* * * LOW HITPOINT WARNING * * *
The orc closely misses you.
It was a potion of ambrosia.
You are confused.
You feel invigorated.
You constrict the orc, but do no damage.
You feel sick. The orc closely misses you.
You bump into the rock wall.
You constrict the orc, but do no damage.
The orc hits you with a +0 mace.
* * * LOW HITPOINT WARNING * * *
The orc hits you with a +1 flail of protection.
* * * LOW HITPOINT WARNING * * *
You tentacle-slap the orc.
You kill the orc!
The orc hits you with a +0 mace!
You die...

...............#'###+###+########
.......#####.....................
.......# #..........#...#######
....#### #..........#...# # #####
#..........#...# # #
#..........##'## #.............#
# #####o###'############
#@)..........≈≈§≈≈
#####.#######≈#### #..<....§##≈≈≈
##########⌠§.. ##≈.. #§≈§. ##≈§≈
###§ ##


You could see an orc.

Vanquished Creatures
  An ogre (D:4)
  Blork the orc (D:4)
  2 elf zombies (Ossuary)
  A scorpion (D:4)
  A centaur zombie (Ossuary)
  2 human zombies (Ossuary)
  2 orc priests
  A hound (D:4)
  An orc wizard (D:3)
  Terence (D:2)
  A worker ant (D:4)
  2 big kobold zombies (Ossuary)
  2 mummies (Ossuary)
  3 gnolls (D:2)
  3 adders
  An adder skeleton (D:4)
  An adder zombie (Ossuary)
  A worm (D:3)
  A dart slug (D:1)
  4 leopard geckos
  16 orcs
  5 ball pythons
  6 bats
  4 giant cockroaches
  10 goblins
  6 hobgoblins
  17 jackals
  3 quokkas
  6 frilled lizards
  2 goblin zombies (Ossuary)
  12 hobgoblin zombies (Ossuary)
  A jackal skeleton (D:4)
  A jackal zombie (Ossuary)
  7 kobolds
  4 kobold zombies (Ossuary)
  10 orc zombies (Ossuary)
  3 rats
145 creatures vanquished.

Notes
Turn   | Place    | Note
-------+----------+-------------------------------------------
     0 | D:1      | ringo67 the Octopode Transmuter began the quest for the
                  | Orb.
     0 | D:1      | Reached XP level 1. HP: 13/13 MP: 3/3
   149 | D:1      | Reached XP level 2. HP: 16/18 MP: 5/5
   618 | D:1      | Reached XP level 3. HP: 22/23 MP: 4/6
  1181 | D:2      | Noticed Terence
  1221 | D:2      | Killed Terence
  1221 | D:2      | Reached skill level 4 in Unarmed Combat
  1221 | D:2      | Reached XP level 4. HP: 12/29 MP: 4/7
  2567 | D:3      | Reached XP level 5. HP: 26/35 MP: 8/8
  3308 | D:3      | Found an ancient bone altar of Kikubaaqudgha.
  3757 | D:3      | Learned a level 3 spell: Spider Form
  3786 | D:3      | Reached skill level 5 in Unarmed Combat
  4105 | D:4      | Noticed an ogre
  4147 | D:4      | Noticed Blork the orc
  4580 | D:3      | Reached skill level 1 in Poison Magic
  4580 | D:3      | Reached XP level 6. HP: 18/41 MP: 7/9
  5292 | D:4      | Reached XP level 7. HP: 46/46 MP: 10/10
  5543 | D:4      | Killed Blork the orc
  5701 | D:4      | Found a bloodstained altar of Trog.
  5811 | D:4      | Found Ruan's Weapon Emporium.
  5851 | D:4      | Noticed Grinder
  5910 | D:5      | Entered Level 5 of the Dungeon
  5919 | D:5      | Found a sand-covered staircase.
  5924 | Ossuary  | Entered an ossuary
  5930 | Ossuary  | Learned a level 4 spell: Ice Form
  5984 | Ossuary  | Reached skill level 6 in Unarmed Combat
  6285 | Ossuary  | Reached skill level 1 in Ice Magic
  6760 | Ossuary  | Reached XP level 8. HP: 25/54 MP: 11/11
  7129 | D:4      | Slain by an orc

Illustrated notes

Levels and vault maps discovered:
D:1:      lemuel_arrival_behind_the_door_large, layout_loops_cross,
          minmay_distorted
D:2:      layout_basic, kennysheep_generic_room_4, uniq_terence
D:3:      layout_basic, kiku_gazebo_pond_becter, minmay_shallow_snake_nest
D:4:      layout_basic, lightli_temple_of_fire, serial_shops, shop,
          uniq_blork_the_orc, uniq_grinder
D:5:      layout_layer_cave, old_standard_altar, nicolae_ru_awakened_eye,
          serial_shops, shop, ebering_ghost_sewer_f, portal_sewer_entry_f,
          nicolae_ossuary_entry_plus

Skill      XL: |  1  2  3  4  5  6  7 |
---------------+----------------------+-----
Fighting       | 2 3 4 |  4.0
Unarmed Combat | 4 5 6 |  6.6
Transmutations | 3 4 |  4.4
Poison Magic   | 1 2 |  2.1
Ice Magic      | 1 |  1.6
Dodging        | |  2.0
Spellcasting   | |  2.0

Action                   |  1- 3 |  4- 6 |  7- 9 || total
-------------------------+-------+-------+-------++-------
Melee: Unarmed           |    75 |   144 |   173 ||   392
       Constrict         |    15 |    42 |    24 ||    81
       Tentacles         |     7 |    24 |    22 ||    53
       Kick              |     8 |     5 |    11 ||    24
       Punch             |     3 |     5 |     7 ||    15
 Fire: Hunting sling     |       |    11 |       ||    11
Throw: Dart              |     7 |    21 |     3 ||    31
 Cast: Beastly Appendage |     3 |     9 |     3 ||    15
       Spider Form       |       |       |     7 ||     7
  Use: Scroll            |       |       |     8 ||     8
       Potion            |       |       |     1 ||     1
 Stab: Sleeping          |     5 |     7 |     2 ||    14
       Distracted        |     2 |       |       ||     2
Armor: Skin              |     5 |     4 |    12 ||    21
Dodge: Dodged            |    42 |    67 |    87 ||   196

Table legend: (Time is in decaauts)
 A = Elapsed time spent in this place.
 B = Non-inter-level travel time spent in this place.
 C = Inter-level travel time spent in this place.
 D = Time resting spent in this place.
 E = Time spent auto-exploring this place.
 F = Levels seen in this place.
 G = Mean time per level.
                   A        B        C        D        E       F      G
               +--------+--------+--------+--------+--------+-----+--------+
         Total |   7102 |   6735 |    367 |   2941 |   2566 |   6 | 1183.7 |
       Dungeon |   6121 |   5754 |    367 |   2285 |   2546 |   5 | 1224.2 |
       Ossuary |    980 |    980 |      0 |    656 |     20 |   1 |  980.0 |
               +--------+--------+--------+--------+--------+-----+--------+

Top non-repeatable levels by time:
     D:3: 2577 daAuts
     D:2: 1458 daAuts
     D:4: 1035 daAuts
     D:1: 1007 daAuts
 Ossuary: 980 daAuts
     D:5: 41 daAuts
